 Dungeon Crawl Stone Soup version 0.29.1-13-g9f3cf754e1 (webtiles) character file.

Game seed: 7830416355653767910

15 shadowmeld the Insei (level 2, -2/22 HPs)
             Began as a Djinni Transmuter on Jan 31, 2023.
             Slain by an iguana (9 damage)
             ... on level 2 of the Dungeon.
             The game lasted 00:03:17 (1243 turns).

shadowmeld the Insei (Djinni Transmuter)            Turns: 1243, Time: 00:03:18

Health: -2/22      AC:  2    Str:  9    XL:     2   Next: 65%
Gold:   69         EV: 12    Int: 14    God:
                   SH:  0    Dex: 13

rFire   + + .      SeeInvis .     - Unarmed
rCold   x . .      Faith    .   (no shield)
rNeg    . . .      Spirit   .   a - +0 robe
rPois   ∞          Reflect  .   (helmet currently unavailable)
rElec   .          Harm     .   (no cloak)
rCorr   .          Rampage  .   (no gloves)
Will    +....                   (boots unavailable)
Stlth   +.........              (no amulet)
HPRegen 0.07/turn               e - ring of willpower
MPRegen 0.00/turn               (no ring)

@: appendages (expiring), flying
A: horns 2, flying, sickness immunity, fire resistance 2, cold vulnerability 1,
float, innate caster, HP casting, extra vitality 1
a: End Transformation


You were on level 2 of the Dungeon.
You had temporarily grown beastly horns.
You visited 1 branch of the dungeon, and saw 2 of its levels.

You collected 69 gold pieces.

Inventory:

Missiles
 i - 2 curare-tipped darts
Armour
 a - a +0 robe (worn)
Jewellery
 e - a ring of willpower (left hand)
 n - an amulet of the acrobat
Scrolls
 d - a scroll of noise {unknown}
 g - 2 scrolls of identify {unknown}
 h - a scroll of amnesia {unknown}
 k - a scroll of fear {unknown}
 l - a scroll of vulnerability {unknown}
 m - a scroll of brand weapon {unknown}
 o - a scroll of teleportation {unknown}
 p - a scroll of fog {unknown}
 r - a scroll of immolation {unknown}
Potions
 b - 2 potions of lignification
 c - a potion of magic {unknown}
 f - a potion of curing {unknown}
 j - 3 potions of invisibility {unknown}
 q - a potion of flight {unknown}


   Skills:
 * Level 1.2 Fighting
 * Level 2.4 Dodging
 + Level 3.2 Unarmed Combat
 * Level 1.9 Spellcasting


You couldn't memorise any spells.
You knew the following spells:

 Your Spells              Type           Power      Damage    Failure   Level
a - Beastly Appendage     Tmut           12%        N/A       11%         1
b - Wereblood             Tmut           6%         N/A       17%         2
c - Spider Form           Tmut/Pois      6%         N/A       32%         3
d - Ice Form              Ice/Tmut       6%         N/A       73%         4
Your spell library was empty.

Dungeon Overview and Level Annotations

Branches:
Dungeon (2/15)

Altars:


Innate Abilities, Weirdness & Mutations

You have temporarily grown beastly horns.
You are flying.
You are immune to sickness and miasma.
You are immune to poison.
Your flesh is very heat resistant. (rF++)
You are vulnerable to cold. (rC-)
You float through the air rather than walking.
You learn spells naturally, not from books.
Your magical power is your life essence.
You have superior vitality. (+4 MHP)


Message History

Your transformation is almost over.
The kobold hits you with a +0 short sword.
You hit the kobold.
You kill the kobold!
Your horns disappear.
You now have 69 gold pieces (gained 16).
r - a scroll labelled TUH SIPUOFFATO A bat comes into view.
The bat moves out of view.
Casting: Beastly Appendage (safe; 11% risk of failure)
Confirm with . or Enter, or press ? or * to list all spells.
You grow a pair of large bovine horns.
The bat hits you but does no damage. The bat barely misses you.
You barely miss the bat. The bat hits you but does no damage.
An iguana comes into view.
The iguana hisses angrily.
The bat hits you.
You barely miss the bat. The bat hits you.
You hit the bat.
The bat is moderately wounded.
The bat hits you but does no damage.
You hit the iguana but do no damage.
The iguana bites you but does no damage.
You hit the iguana but do no damage. The iguana barely misses you.
You hit the iguana but do no damage. The iguana closely misses you.
You hit the iguana.
The iguana is lightly wounded.
Your transformation is almost over.
The iguana barely misses you.
You closely miss the iguana.
The iguana is lightly wounded.
The iguana bites you!
Ouch! That really hurt!
You barely miss the iguana. You headbutt the iguana.
The iguana is moderately wounded.
The iguana barely misses you.
You hit the iguana but do no damage.
The iguana is moderately wounded.
The iguana bites you!
You die...

.................#
.######.##########
#.# #.# #.# #.#
#.# #.# #@# #l#
#.....b# .........
##.#####.# # .# .#
.. #.


You could see an iguana and a bat.

Vanquished Creatures
  A worm (D:2)
  A dart slug (D:1)
  2 endoplasms
  A kobold (D:2)
  2 bats
  A frilled lizard (D:2)
  4 rats
12 creatures vanquished.

Notes
Turn   | Place    | Note
-------+----------+-------------------------------------------
     0 | D:1      | shadowmeld the Djinni Transmuter began the quest for the
                  | Orb.
     0 | D:1      | shadowmeld set off with the following spells memorised:
                  | Beastly Appendage, Wereblood, Spider Form, Ice Form.
     0 | D:1      | Reached XP level 1. HP: 17/17 MP: 0/0
   452 | D:1      | Found a faded altar of an unknown god.
   647 | D:1      | Reached XP level 2. HP: 12/22 MP: 0/0
  1243 | D:2      | Slain by an iguana

Illustrated notes

Levels and vault maps discovered:
D:1:      ncdulo_lavacross, layout_loops_ring,
          shapermc_ecumenical_altar_acropolis, minmay_misc_feat_secret_circle,
          roderic_three_in_a_row
D:2:      layout_loops_ring

Action                   || total
-------------------------++-------
Melee: Unarmed           ||    50
       Headbutt          ||     7
 Cast: Beastly Appendage ||    10
 Stab: Sleeping          ||     1
Armor: Robe              ||    11
Dodge: Dodged            ||    36
